 Dungeon Crawl Stone Soup version 0.29-a0-664-gff9cad4a3d (webtiles) character file.

Game seed: 6082530290790847141

5437 DocClef the Basher (level 10, -1/51 HPs)
             Began as a Vine Stalker Fighter on June 22, 2022.
             Was a Priest of Okawaru.
             Slain by a troll (8 damage)
             ... on level 9 of the Dungeon.
             The game lasted 00:11:50 (7716 turns).

DocClef the Basher (Vine Stalker Fighter)           Turns: 7716, Time: 00:11:50

Health: -1/51      AC: 15    Str: 32    XL:     10   Next: 68%
Magic:  0/11       EV:  9    Int:  3    God:    Okawaru [***...]
Gold:   449        SH:  4    Dex: 11    Spells: 9/9 levels left

rFire   + . .      SeeInvis .   w - +4 morningstar
rCold   . . .      Faith    .   c - +0 buckler
rNeg    . . .      Spirit   +   b - +1 scale mail
rPois   .          Reflect  .   x - +2 helmet
rElec   .          Harm     .   v - +0 cloak
rCorr   .          Rampage  .   (no gloves)
Will    +....                   (no boots)
Stlth   +.........              (no amulet)
HPRegen 0.97/turn               l - +4 ring of protection
MPRegen 0.12/turn               p - ring of the Cuttlefish {rF+ Str+8 Int-5 Slay+6 Stlth+}

@: lethally poisoned (-1 -> -4), slowed, very slow
A: fangs 3, regeneration 1, magic shield, antimagic bite, no potion heal 2,
clumsy 1, mutation resistance 1
a: Renounce Religion, Heroism


You were on level 9 of the Dungeon.
You worshipped Okawaru.
Okawaru was most pleased with you.
You visited 2 branches of the dungeon, and saw 10 of its levels.
You also visited: Sewer and Ossuary.

You collected 553 gold pieces.
You spent 104 gold pieces at shops.

Inventory:

Hand Weapons
 a - a +0 flail
 w - a +4 morningstar (weapon)
Armour
 b - a +1 scale mail (worn)
 c - a +0 buckler (worn)
 v - a +0 cloak (worn)
 x - a +2 helmet (worn)
Jewellery
 l - a +4 ring of protection (left hand)
 n - an amulet of regeneration
 p - the ring of the Cuttlefish (right hand) {rF+ Str+8 Int-5 Slay+6 Stlth+}
   (You found it on level 5 of the Dungeon)

   [ring of protection from fire]

   Str:       It affects your strength (+8).
   Int:       It affects your intelligence (-5).
   Slay:      It affects your accuracy & damage with ranged weapons and melee
   (+6).
   rF:        It protects you from fire.
   Stlth:     It makes you more stealthy.
 q - a +6 ring of strength
Wands
 m - a wand of light (9)
 t - a wand of flame (8)
 u - a wand of digging (5)
Scrolls
 f - 3 scrolls of blinking
 g - 6 scrolls of teleportation
 i - 8 scrolls of identify
 o - 2 scrolls of fog
 r - a scroll of magic mapping
 A - a scroll of fear
Potions
 d - 3 potions of might
 e - 3 potions of brilliance
 h - 2 potions of berserk rage
 j - a potion of haste
 k - a potion of curing
 s - a potion of resistance


   Skills:
 - Level 5.0 Fighting
 + Level 13.6 Maces & Flails
 - Level 2.4 Armour
 - Level 2.6 Shields


You had 9 spell levels left.
You didn't know any spells.
Your spell library contained the following spells:

 Spells                   Type           Power      Damage    Failure   Level
 Freeze                   Ice            0%         1d3       86%         1
 Magic Dart               Conj           0%         1d3       86%         1
 Necrotize                Necr           0%         1d4       86%         1
 Blink                    Tloc           0%         N/A       94%         2
 Searing Ray              Conj           0%         2d4       94%         2
 Sublimation of Blood     Necr           0%         N/A       94%         2
 Wereblood                Tmut           0%         N/A       94%         2
 Confusing Touch          Hex            0%         N/A       99%         3
 Frozen Ramparts          Ice            0%         1d2       99%         3
 Lesser Beckoning         Tloc           0%         N/A       99%         3
 Vampiric Draining        Necr           0%         2d6       99%         3
 Fulminant Prism          Conj/Hex       0%         3d6       100%        4
 Hailstorm                Conj/Ice       0%         3d3       100%        4
 Agony                    Necr           0%         N/A       100%        5
 Manifold Assault         Tloc           0%         N/A       100%        5
 Yara's Violent Unravell  Hex/Tmut       0%         3d3       100%        5
 Enfeeble                 Hex            0%         N/A       100%        7
 Summon Hydra             Summ           Unusable   N/A       N/A         7

Dungeon Overview and Level Annotations

Branches:
Dungeon (9/15)             Temple (1/1) D:7           Sewer (visited)
Ossuary (visited)
   Lair: D:8-11         Orc: D:9-12

Altars:
Ashenzari
Elyvilon
Fedhas
Gozag
Kikubaaqudgha
Makhleb
Nemelex Xobeh
Okawaru
Qazlal
Ru
Sif Muna
Trog
Uskayaw
Vehumet
Wu Jian
Xom
Yredelemnul
Zin
The Shining One

Shops:
D:3 !   D:7 [

Annotations:
D:7 1 runed translucent door, lunkers's ghost, novice FoFi


Innate Abilities, Weirdness & Mutations

You have razor-sharp teeth.
Your natural rate of healing is unusually fast.
When hurt, damage is shared between your health and your magic reserves.
Your bite disrupts and absorbs the magic of your enemies.
Potions cannot restore your health.
You are clumsy. (Dex -2)
You are somewhat resistant to further mutation.


Message History

The kobold demonologist hits you but does no damage.
You are poisoned.
You hit the kobold demonologist.
The kobold demonologist is severely wounded.
You feel very sick.
The quasit bites you but does no damage.
The quasit claws you but does no damage.
The quasit closely misses you.
The kobold brigand hits you but does no damage.
The kobold closely misses you.
The kobold demonologist hits you but does no damage.
You are more poisoned.
You bludgeon the kobold demonologist!!
You kill the kobold demonologist!
Okawaru accepts your kill.
Okawaru will now gift you ammunition as you gain piety.
The ynoxinul disappears in a puff of smoke!
The quasit disappears in a puff of smoke!
The ufetubus disappears in a puff of smoke!
The white imp disappears in a puff of smoke!
You feel very sick. The kobold hits you but does no damage.
The kobold brigand hits you but does no damage. x2
You hit the troll.
The troll is lightly wounded.
You feel very sick. The kobold hits you but does no damage.
The troll bites you.
* * * LOW HITPOINT WARNING * * *
The troll claws you.
* * * LOW HITPOINT WARNING * * *
The troll claws you.
* * * LOW HITPOINT WARNING * * *
The kobold brigand hits you but does no damage.
The kobold brigand misses you.
The kobold brigand hits you with a +0 short sword.
* * * LOW HITPOINT WARNING * * *
The kobold hits you but does no damage.
The kobold brigand hits you but does no damage.
The troll bites you but does no damage. The troll claws you!
You die...

)......## #........
........# #........
#.#.#.###........ ..#
#....)........... ..
#.#.#).#####.#### .##
###.....## ###..####$.####
......### #.....§.......#
......######....K§K#.#.#.#
......'..†.#....@T.......#
......####.'...KKT.#.#.#.?
......# ###..............
......# #..>....#.#.#.#
......# #.............'
......# #........####.y
......# #........# #
......# #........#
##########


You could see 2 trolls, 2 kobold brigands and 2 kobolds.

Vanquished Creatures
  2 kobold demonologists (D:9)
  4 yaks (D:8)
  2 steam dragons
  2 water moccasins (D:5)
  2 ice beasts
  2 black bears
  Pargi (Sewer)
  2 sky beasts
  2 ogres
  A centaur (D:8)
  An elf zombie (Ossuary)
  2 phantoms (D:5)
  3 kobold brigands
  6 bullfrogs
  3 scorpions
  10 wights
  A troll zombie (Ossuary)
  8 killer bees (D:9)
  A howler monkey (D:4)
  4 jellies
  4 hounds
  3 orc priests
  A gnoll shaman (D:4)
  4 iguanas
  Ijyb (D:5)
  2 orc wizards
  4 ogre zombies (Ossuary)
  8 mummies
  6 gnolls
  12 adders
  A river rat (D:3)
  A shadow imp (D:5)
  6 white imps
  An ufetubus (D:4)
  3 adder zombies (Ossuary)
  4 worms
  4 dart slugs
  8 orcs
  6 endoplasms
  2 giant cockroaches
  3 gnoll zombies (Ossuary)
  7 hobgoblins
  5 jackals (D:1)
  A quokka (D:2)
  7 ball pythons
  3 bats
  11 frilled lizards
  10 goblins
  2 goblin zombies (Ossuary)
  3 hobgoblin zombies (Ossuary)
  18 kobolds
  9 kobold zombies
  An orc zombie (D:4)
  6 quokka zombies (Ossuary)
  10 rats
  A rat zombie (Ossuary)
  A spectral goblin (D:2)
238 creatures vanquished.

Vanquished Creatures (others)
  2 kobolds (D:7)
2 creatures vanquished.

Grand Total: 240 creatures vanquished

Notes
Turn   | Place    | Note
-------+----------+-------------------------------------------
     0 | D:1      | DocClef the Vine Stalker Fighter began the quest for the
                  | Orb.
     0 | D:1      | Reached XP level 1. HP: 11/11 MP: 2/2
   175 | D:1      | Reached XP level 2. HP: 16/16 MP: 3/3
   678 | D:1      | Reached XP level 3. HP: 18/21 MP: 2/4
  1539 | D:2      | Found a faded altar of an unknown god.
  1784 | D:2      | Gained mutation: Your natural rate of healing is unusually
                  | fast. [Vine Stalker growth]
  1784 | D:2      | Reached XP level 4. HP: 26/26 MP: 5/5
  2391 | D:3      | Found Udesysogo's Distillery.
  2438 | D:3      | Reached skill level 5 in Fighting
  2458 | D:3      | Reached skill level 2 in Maces & Flails
  2458 | D:3      | Reached XP level 5. HP: 24/30 MP: 2/6
  2486 | D:3      | Found a glowing drain.
  2505 | Sewer    | Entered a sewer
  2537 | Sewer    | Noticed Pargi
  2547 | Sewer    | Killed Pargi
  2548 | Sewer    | Reached skill level 3 in Maces & Flails
  2548 | Sewer    | Reached XP level 6. HP: 35/35 MP: 7/7
  2709 | D:3      | Found a sparkling altar of Nemelex Xobeh.
  3104 | D:3      | Gained mutation: Your body sometimes deteriorates upon
                  | taking damage. [potion of mutation]
  3171 | D:4      | Reached skill level 4 in Maces & Flails
  3233 | D:3      | Bought a potion of mutation for 104 gold pieces
  3233 | D:3      | Lost mutation: Your body sometimes deteriorates upon taking
                  | damage. [potion of mutation]
  3233 | D:3      | Gained mutation: You are clumsy. (Dex -2) [potion of
                  | mutation]
  3233 | D:3      | Gained mutation: You are somewhat resistant to further
                  | mutation. [potion of mutation]
  3294 | D:4      | Found a blossoming altar of Fedhas.
  3335 | D:4      | Noticed a black bear
  3344 | D:4      | Killed a black bear
  3422 | D:4      | Reached skill level 5 in Maces & Flails
  3439 | D:4      | Reached XP level 7. HP: 29/39 MP: 5/8
  4164 | D:5      | Entered Level 5 of the Dungeon
  4214 | D:5      | Identified the ring of the Cuttlefish {rF+ Str+8 Int-5
                  | Slay+6 Stlth+}
  4373 | D:5      | Reached skill level 6 in Maces & Flails
  4388 | D:5      | Noticed Ijyb
  4415 | D:5      | Reached skill level 7 in Maces & Flails
  4415 | D:5      | Gained mutation: You have razor-sharp teeth. [Vine Stalker
                  | growth]
  4415 | D:5      | Reached XP level 8. HP: 43/43 MP: 9/9
  4417 | D:5      | Found a white marble altar of Elyvilon.
  4418 | D:5      | Found a shimmering blue altar of Sif Muna.
  4484 | D:5      | Reached skill level 8 in Maces & Flails
  4775 | D:5      | Killed Ijyb
  5039 | D:6      | Reached skill level 9 in Maces & Flails
  5171 | D:6      | Reached XP level 9. HP: 43/45 MP: 10/10
  5556 | D:7      | Reached skill level 10 in Maces & Flails
  5632 | D:7      | Found Hial Ipn's Armour Shoppe.
  5675 | D:7      | Found a staircase to the Ecumenical Temple.
  5750 | D:7      | Reached skill level 11 in Maces & Flails
  5949 | D:7      | Found a runed translucent door.
  5949 | D:7      | Noticed a two-headed ogre
  5949 | D:7      | Noticed lunkers's ghost (novice FoFi)
  6118 | Temple   | Entered the Ecumenical Temple
  6320 | Temple   | Became a worshipper of Warmaster Okawaru
  6442 | D:8      | Found a sand-covered staircase.
  6450 | Ossuary  | Entered an ossuary
  6961 | D:8      | Reached * piety under Okawaru
  6962 | D:8      | Reached skill level 12 in Maces & Flails
  6962 | D:8      | Reached XP level 10. HP: 51/51 MP: 11/11
  7168 | D:8      | Reached ** piety under Okawaru
  7291 | D:8      | Found a shimmering altar of Xom.
  7300 | D:8      | Reached skill level 13 in Maces & Flails
  7703 | D:9      | Noticed a kobold demonologist
  7704 | D:9      | Noticed a kobold demonologist
  7712 | D:9      | Killed a kobold demonologist
  7715 | D:9      | Killed a kobold demonologist
  7715 | D:9      | Reached *** piety under Okawaru
  7716 | D:9      | Slain by a troll

Illustrated notes

Levels and vault maps discovered:
D:1:      lordsloth_arrival_two_stooges, layout_basic, serial_co_window_serial,
          co_window_cross_1, co_window_paths_b, co_window_of_opportunity_a,
          co_window_paths_a, co_window_paths_a, co_window_paths_c,
          co_window_broadway_a, co_window_corner_b, co_window_corner_cb,
          glass_columns_a, glass_columns_a, glass_columns_a, glass_columns_a,
          glass_columns_b, solitary_fountain, solitary_fountain, minivault_19,
          minmay_tripent
D:2:      layout_loops_ring, dreamdust_ecumenical_altar_drowned_temple
D:3:      layout_basic, nemelex_xobeh_ov_fountains_minmay, serial_shops, shop,
          gup_sewer_entry_bubbles
D:4:      minmay_chambers_of_twos, layout_loops_ring, lemuel_tele_altar,
          minmay_mini_ossuary
D:5:      layout_basic, nicolae_overflow_squiral, uniq_ijyb
D:6:      layout_basic
D:7:      layout_rooms, minmay_temple_entry_wispy, ebering_ghost_inner_flame,
          serial_shops, shop, due_unseen_surprise
D:8:      wad_pebble_path, layout_loops_cross,
          mainiacjoe_overflow_small_starburst, serial_glass, glass_columns_b,
          glass_columns_a, glass_columns_a, glass_columns_c, glass_columns_c,
          glass_columns_c, glass_columns_b, glass_columns_b, feat_on_display,
          nicolae_ossuary_entry_monument
D:9:      layout_roguey, mainiacjoe_overflow_concentric_impassable,
          serial_glass, glass_columns_c, glass_columns_b, glass_columns_a,
          glass_columns_a, glass_columns_a, glass_columns_b, glass_columns_a,
          glass_columns_a
Temple:   compressed_dpeg_circular_temple

Skill      XL: |  1  2  3  4  5  6  7  8  9 10 |
---------------+-------------------------------+-----
Fighting       | 3 4 5 |  5.0
Maces & Flails | 2 3 5 7 9 12 13 | 13.6
Armour         | |  2.4
Shields        | |  2.6

Action                   |  1- 3 |  4- 6 |  7- 9 | 10-12 || total
-------------------------+-------+-------+-------+-------++-------
Melee: Flail             |   126 |   134 |   176 |       ||   436
       Bite              |    27 |    29 |    68 |    23 ||   147
       Morningstar       |       |       |    88 |    78 ||   166
  Use: Scroll            |     5 |       |     8 |     1 ||    14
       Potion            |       |     8 |     7 |       ||    15
 Stab: Invisible         |       |       |     1 |       ||     1
Armor: Scale mail        |    71 |    69 |   107 |    85 ||   332
Dodge: Dodged            |    55 |    76 |    83 |    51 ||   265
Block: Buckler           |    24 |    30 |    40 |    15 ||   109

Table legend: (Time is in decaauts)
 A = Elapsed time spent in this place.
 B = Non-inter-level travel time spent in this place.
 C = Inter-level travel time spent in this place.
 D = Time resting spent in this place.
 E = Time spent auto-exploring this place.
 F = Levels seen in this place.
 G = Mean time per level.
                   A        B        C        D        E       F      G
               +--------+--------+--------+--------+--------+-----+--------+
         Total |   7868 |   7556 |    312 |    303 |   5581 |  12 |  655.7 |
       Dungeon |   7003 |   6736 |    267 |    263 |   5163 |   9 |  778.1 |
        Temple |    228 |    183 |     45 |      0 |     52 |   1 |  228.0 |
         Sewer |    177 |    177 |      0 |      0 |     91 |   1 |  177.0 |
       Ossuary |    459 |    459 |      0 |     40 |    275 |   1 |  459.0 |
               +--------+--------+--------+--------+--------+-----+--------+

Top non-repeatable levels by time:
     D:1: 1513 daAuts
     D:4: 1036 daAuts
     D:2: 804 daAuts
     D:3: 779 daAuts
     D:8: 728 daAuts
     D:7: 700 daAuts
     D:6: 675 daAuts
     D:5: 644 daAuts
 Ossuary: 459 daAuts
  Temple: 228 daAuts
   Sewer: 177 daAuts
     D:9: 122 daAuts
